Map: Port Aleksander LE

Players

HateMe - Winner!

  • Race: Zerg Zerg
  • Spawn Location: 11:00

Friend

  • Race: Zerg Zerg
  • Spawn Location: 5:00

Event: 2019 WCS Spring

VOD

Have the link to the VOD?

Description

Time

  • Played on: May 17, 2019, 8:12 a.m.
  • Length: 8:09

All games in this series

Show
View Real Time Build Order
Export as new Build Order

HateMe Zerg - Winner!

Build Orders: Hatch First, Zergling Baneling 

Get SALT Encoding   

  12  0:01  Drone  
  13  0:13  Overlord  
  13  0:18  Drone  
  14  0:31  Drone x2  
  16  0:50  Hatchery  
  16  0:54  Drone  
  16  0:57  Drone  
  16  1:01  Drone  
  18  1:11  Extractor  
  18  1:16  Spawning Pool  
  16  1:20  Drone  
  16  1:23  Drone  
  18  1:28  Drone  
  19  1:39  Drone  
  20  1:50  Overlord  
  20  2:03  Queen x2  
  20  2:04  Zergling x4  
  26  2:12  Drone  
  26  2:13  Drone  
  28  2:18  Metabolic Boost  
  28  2:23  Drone  
  28  2:24  Drone  
  30  2:38  Hatchery  
  30  2:42  Drone  
  30  2:44  Drone  
  31  2:46  Drone  
  32  2:53  Baneling Nest  
  32  2:56  Overlord  
  31  3:02  Zergling x2  
  31  3:03  Zergling x2  
  33  3:08  Zergling x2  
  33  3:09  Zergling x2  
  35  3:14  Zergling x2  
  35  3:16  Drone  
  35  3:17  Overlord  
  35  3:19  Zergling x2  
  38  3:23  Zergling x4  
  40  3:40  Baneling  
  40  3:42  Zergling x14  
  46  3:49  Baneling x3  
  46  3:56  Drone x6  
  50  4:03  Drone x2  
  52  4:10  Drone  
  52  4:13  Drone x2  
  53  4:18  Drone x4  
  53  4:24  Zergling x2  
  57  4:32  Overlord x2  
  55  4:45  Roach Warren  
  53  4:46  Zergling x12  
  53  4:48  Baneling x2  
  53  4:50  Extractor  
  53  4:52  Baneling x2  
  56  4:53  Zergling x2  
  56  4:54  Zergling x2  
  56  4:56  Queen  
  60  5:00  Overlord  
  60  5:06  Zergling x12  
  66  5:12  Drone x5  
  71  5:18  Baneling  
  71  5:19  Baneling, Drone  
  72  5:25  Lair  
  72  5:26  Drone x2  
  72  5:28  Drone  
  75  5:29  Evolution Chamber  
  75  5:33  Drone x3  
  75  5:34  Drone  
  78  5:38  Drone  
  78  5:42  Extractor x2  
  67  5:55  Zergling x10  
  64  6:04  Zergling x12  
  64  6:11  Drone  
  71  6:12  Baneling  
  71  6:14  Extractor  
  71  6:15  Baneling x2  
  71  6:16  Extractor  
  69  6:20  Drone x4  
  73  6:28  Spire  
  73  6:30  Glial Reconstitution  
  73  6:32  Drone x5  
  77  6:36  Drone x2  
  77  6:41  Roach  
  77  6:42  Roach  
  77  6:43  Overlord x4  
  81  6:51  Overlord  
  81  6:57  Spine Crawler x2  
  81  6:58  Spine Crawler x2  
  77  7:01  Spine Crawler  
  77  7:03  Spine Crawler  
  77  7:07  Roach x3  
  78  7:10  Roach  
  80  7:18  Roach x4  
  85  7:38  Evolution Chamber  
  85  7:40  Mutalisk x5  
  92  7:50  Zergling x14  
Show
View Real Time Build Order
Export as new Build Order

Friend Zerg 

Build Orders: Hatch First 

Get SALT Encoding   

  12  0:00  Drone  
  13  0:12  Overlord  
  13  0:18  Drone  
  14  0:31  Drone x2  
  16  0:48  Hatchery  
  15  0:52  Drone  
  15  0:56  Drone  
  17  0:59  Drone  
  18  1:10  Extractor  
  17  1:15  Spawning Pool  
  17  1:18  Drone  
  17  1:21  Drone  
  18  1:28  Drone  
  19  1:39  Overlord  
  19  1:51  Drone  
  20  2:02  Queen x2, Zergling x2  
  20  2:03  Drone  
  26  2:12  Drone x2  
  26  2:13  Metabolic Boost  
  28  2:22  Drone x2  
  30  2:38  Hatchery  
  30  2:40  Zergling x2  
  30  2:43  Zergling x2  
  31  2:44  Zergling x2  
  31  2:46  Zergling x2  
  33  2:57  Overlord, Baneling Nest  
  32  3:13  Drone x2  
  32  3:14  Drone x2  
  32  3:16  Queen  
  38  3:29  Overlord  
  38  3:33  Drone x5  
  42  3:44  Baneling  
  42  3:46  Zergling x2  
  43  3:49  Roach Warren  
  43  3:51  Extractor  
  43  3:55  Zergling x8  
  44  3:56  Zergling x6  
  48  4:03  Zergling x2  
  48  4:04  Zergling x4  
  51  4:16  Zergling x8  
  46  4:24  Zergling x12  
  50  4:33  Queen  
  50  4:36  Baneling x2  
  50  4:40  Drone x2  
  50  4:41  Drone  
  52  4:55  Baneling x3  
  52  5:02  Hatchery  
  50  5:27  Queen  
  52  5:30  Overlord x3  
  52  5:31  Overlord x2  
  52  5:34  Baneling x2  
  34  6:07  Roach x11  
  52  6:12  Roach  
  54  6:21  Roach x2  
  58  6:28  Roach x2  
  62  6:34  Roach  
  62  6:35  Roach  
  65  6:44  Zergling x6  
  65  6:45  Zergling x2  
  69  6:52  Zergling x2  
  69  6:53  Zergling x4  
  72  7:02  Zergling x8  
  76  7:09  Zergling x4  
  76  7:15  Ravager x4  
  82  7:18  Ravager  
  79  7:32  Zergling x14  
  59  7:54  Ravager  
Tags
 
Add a new tag
Caveats
  • Supply blocks, unpowered buildings, or Contaminate may cause inaccurate times.
  • Supply counts are checked every 10 seconds.